AoeStats
← bullseyes

Nomad

506070563Analyzed
4v4 RM · 21d ago on Sep 12, 2026· 41m 35s· 8 players
Game mode
Random Map
Map size
231×231
Population
200
Speed
Normal
Resources
Standard
Victory
Conquest
Starting age
Dark Age
Ending age
Imperial Age
RankedLock teamsTeams togetherTeam positionsShared explorationLock speedFull tech treeHidden civsTurbo modeCheats
Victory
Defeat
🇩🇪 Koreans · Germany
1597
+14
🇺🇸 Mongols · United States
1561
+15
🇺🇸 Spanish · United States
1536
+16
🇧🇪 Vikings · Belgium
1524
+16
🇨🇳 Spanish · China
1568
-17
🇮🇳 Persians · India
1536
-15
🇨🇳 Dravidians · China
1536
-15
🇧🇷 Koreans · Brazil
1518
-14
vidsag
5:24 Loom
14:26 Feudal Age
18:18 Castle Age
17:06 Double-Bit Axe
20:12 Medium Warships
22:41 Horse Collar
25:46 Wheelbarrow
27:31 Bow Saw
27:12 Gold Mining
32:32 Imperial Age
32:45 Bloodlines
32:36 Husbandry
33:25 Scale Barding Armor
37:28 Town Watch
快乐不易
9:47 Loom
13:25 Feudal Age
14:37 Double-Bit Axe
17:01 Castle Age
18:16 Bow Saw
17:47 Horse Collar
21:52 Padded Archer Armor
23:43 Wheelbarrow
22:53 Town Watch
25:28 Leather Archer Armor
27:16 Hand Cart
37:55 Imperial Age
36:23 Scale Barding Armor
36:36 Husbandry
36:46 Bloodlines
37:32 Chain Barding Armor
37:23 Forging
38:05 Cavalier
39:21 Plate Barding Armor
39:21 Iron Casting
40:12 Gold Mining
41:05 Conscription
逆·风
5:22 Loom
5:35 Loom
16:11 Feudal Age
16:38 Double-Bit Axe
16:35 Fishing Lines
16:59 Town Watch
21:46 Castle Age
19:53 Gold Mining
22:53 Wheelbarrow
22:10 Stone Mining
22:22 Gillnets
22:47 Bow Saw
27:15 Horse Collar
28:54 Hand Cart
32:49 Ballistics
32:23 Fletching
33:09 Bodkin Arrow
32:57 Treadmill Crane
34:26 Eupseong
35:48 Murder Holes
36:05 Masonry
36:51 Gold Shaft Mining
36:52 Stone Shaft Mining
41:23 Imperial Age
39:24 Husbandry
38:59 Elite Skirmisher
41:17 Heavy Plow
Yuzu
10:53 Loom
13:22 Feudal Age
13:57 Double-Bit Axe
13:56 Fishing Lines
15:48 Man-at-Arms
16:50 Arson
19:35 Wheelbarrow
24:06 Castle Age
23:45 Forging
24:24 Stone Mining
24:25 Gold Mining
24:45 Gillnets
26:52 Bow Saw
27:19 Fletching
31:11 Hand Cart
32:05 Ballistics
33:00 Hand Cart
33:12 Medium Warships
35:16 Town Watch
36:36 Horse Collar
DoubleZX
12:51 Feudal Age
13:15 Loom
17:06 Castle Age
15:13 Double-Bit Axe
19:09 Bow Saw
20:54 Fishing Lines
21:18 Horse Collar
22:47 Fletching
23:37 Bodkin Arrow
25:15 Town Watch
27:16 Ballistics
28:33 Gold Mining
29:30 Eupseong
31:38 Heavy Plow
36:29 Imperial Age
34:49 Masonry
36:09 Wheelbarrow
38:12 Chemistry
37:13 Bracer
37:41 Conscription
38:35 Siege Engineers
39:30 Block Printing
40:18 Treadmill Crane
41:09 Architecture
40:55 Hand Cart
42:43 Gold Shaft Mining
Darth Yoda
4:34 Loom
13:53 Feudal Age
17:44 Castle Age
15:44 Double-Bit Axe
16:14 Stone Mining
16:26 Gold Mining
17:09 Horse Collar
18:46 Bow Saw
19:01 Padded Archer Armor
21:11 Wheelbarrow
24:31 Heavy Plow
25:52 Fletching
28:31 Hand Cart
29:45 Leather Archer Armor
31:08 Bloodlines
30:59 Husbandry
34:22 Imperial Age
34:26 Elite Conquistador
35:47 Ring Archer Armor
36:23 Two-Man Saw
36:16 Bodkin Arrow
38:21 Stone Shaft Mining
37:47 Bracer
38:10 Ballistics
38:01 Masonry
37:46 Murder Holes
38:12 Town Watch
40:07 Town Patrol
40:40 Architecture
40:14 Scale Mail Armor
40:24 Forging
40:20 Scale Barding Armor
41:10 Coinage
Eat_Rice
4:29 Loom
12:59 Feudal Age
18:04 Castle Age
18:07 Double-Bit Axe
19:43 Fletching
20:28 Gold Mining
22:34 Bodkin Arrow
24:56 Ballistics
26:17 Gold Shaft Mining
29:18 Wheelbarrow
31:18 Stone Mining
31:13 Horse Collar
31:47 Husbandry
34:19 Bloodlines
38:34 Imperial Age
36:11 Heavy Plow
38:39 Elite Mangudai
39:40 Conscription
39:23 Bracer
40:25 Chemistry
40:22 Parthian Tactics
41:01 Padded Archer Armor
42:18 Drill
41:22 Capped Ram
bullseyes
5:31 Loom
15:07 Feudal Age
18:42 Castle Age
17:01 Double-Bit Axe
18:02 Fletching
19:02 Fishing Lines
19:41 Bow Saw
20:50 Gillnets
21:43 Bodkin Arrow
23:36 Gold Mining
29:05 Gold Shaft Mining
32:21 Imperial Age
30:59 Ballistics
30:50 Clinker Construction
34:07 Chemistry
33:12 Bracer
32:55 Treadmill Crane
33:12 Stone Mining
35:05 Two-Man Saw
36:13 Masonry
38:19 Medium Warships
38:57 Conscription
40:23 Siege Engineers
40:48 Elite Berserk
Connection lost

Rejoining the realm…

Still unreachable

The connection could not be restored.

Session expired

The server has moved on; the page needs a fresh start.